Map: Para Site LE

Players

Mesrob

  • Race: Terran Terran
  • League: Gold
  • Spawn Location: 11:00

GhostRider - Winner!

  • Race: Terran Terran
  • League: Platinum
  • Spawn Location: 5:00

VOD

Have the link to the VOD?

Description

Time

  • Played on: Jan. 12, 2019, 1:16 p.m.
  • Length: 14:25
Show
View Real Time Build Order
Export as new Build Order

Mesrob Terran 

Build Orders:  

Get SALT Encoding   

  12  0:00  SCV  
  13  0:13  SCV  
  14  0:17  Supply Depot  
  14  0:25  SCV  
  15  0:38  SCV  
  15  0:41  Barracks  
  16  0:50  Refinery  
  16  0:51  SCV  
  17  1:03  SCV  
  18  1:15  SCV  
  19  1:28  Orbital Command  
  19  1:37  Command Center  
  19  1:39  Marine  
  20  1:54  Bunker  
  20  1:58  SCV  
  21  2:07  Factory  
  21  2:10  SCV  
  21  2:15  Barracks Tech Lab  
  22  2:22  SCV  
  22  2:43  Supply Depot  
  22  2:52  Orbital Command  
  22  2:59  Engineering Bay  
  22  3:00  Siege Tank  
  25  3:07  Marine, Supply Depot  
  26  3:31  Supply Depot  
  26  3:33  SCV  
  27  3:37  Refinery  
  27  3:39  SCV  
  28  3:51  SCV  
  28  3:54  Supply Depot  
  29  3:55  Missile Turret  
  29  3:57  Siege Tank  
  32  4:05  SCV  
  32  4:07  SCV  
  34  4:17  SCV  
  34  4:18  Supply Depot, Missile Turret  
  34  4:19  SCV  
  34  4:23  Armory  
  36  4:37  Marine  
  37  4:39  SCV  
  37  4:40  SCV  
  37  4:44  Refinery  
  39  4:45  Missile Turret  
  39  4:58  Supply Depot  
  39  5:04  Siege Tank  
  42  5:07  Missile Turret  
  42  5:10  Missile Turret  
  42  5:13  Command Center  
  42  5:22  SCV  
  42  5:23  SCV  
  44  5:31  Missile Turret  
  44  5:34  SCV  
  44  5:35  SCV  
  45  5:58  Supply Depot  
  45  6:01  SCV  
  46  6:05  SCV  
  44  6:13  SCV  
  44  6:15  Marine  
  44  6:21  Siege Tank  
  47  6:28  Orbital Command  
  47  6:30  Factory  
  47  7:04  Orbital Command  
  47  7:18  Factory Reactor  
  47  7:20  Siege Tank  
  50  7:36  Refinery  
  39  7:50  Orbital Command  
  38  8:03  SCV x2  
  40  8:15  SCV x2  
  39  8:28  Missile Turret  
  39  8:39  Refinery  
  39  8:50  Orbital Command  
  39  9:11  Missile Turret  
  39  9:15  Terran Vehicle Weapons Level 1  
  39  9:32  Missile Turret  
  39  9:36  SCV x2  
  39  9:37  SCV  
  42  9:48  SCV  
  42  9:49  SCV x2  
  45  9:55  Thor, Armory  
  45  9:57  Hellbat x2  
  55  10:00  SCV  
  55  10:01  SCV x2  
  55  10:03  Factory  
  58  10:10  Missile Turret  
  58  10:12  SCV  
  58  10:13  SCV x2  
  61  10:15  Marine  
  62  10:24  SCV  
  63  10:31  Missile Turret  
  63  10:34  Missile Turret  
  62  11:09  Factory Reactor, Thor  
  62  11:11  Hellbat x2  
  72  11:19  Terran Vehicle Weapons Level 2  
  72  11:20  Factory  
  72  11:21  Terran Vehicle And Ship Armor Level 1  
  72  11:27  Marine  
  72  11:28  Sensor Tower  
  72  11:31  SCV  
  72  11:32  Hellbat x2  
  78  11:39  Sensor Tower  
  78  11:50  Supply Depot  
  78  11:51  Thor  
  78  11:54  Hellbat  
  86  12:05  Refinery  
  86  12:07  Refinery  
  86  12:13  Supply Depot  
  86  12:15  Factory Tech Lab  
  86  12:18  Hellbat x3  
  86  12:19  Hellbat  
  91  12:34  Thor  
  91  12:35  Supply Depot  
  97  12:39  Hellbat  
  97  12:40  Hellbat x3  
  105  12:47  Sensor Tower  
  105  12:49  Widow Mine  
  107  12:59  Supply Depot  
  107  13:01  Hellbat x4  
  107  13:04  Sensor Tower  
  115  13:09  Thor  
  115  13:11  SCV  
  115  13:12  SCV x2  
  124  13:19  Thor  
  124  13:22  Hellbat, Supply Depot  
  124  13:24  SCV x3  
  83  13:46  Supply Depot  
  83  13:55  Hellbat x4  
  99  14:09  Supply Depot  
Show
View Real Time Build Order
Export as new Build Order

GhostRider Terran - Winner!

Build Orders: Gas First Reaper Expand 

Get SALT Encoding   

  12  0:02  SCV  
  13  0:14  SCV  
  13  0:19  Supply Depot  
  14  0:26  SCV  
  15  0:28  Refinery  
  15  0:41  SCV  
  16  0:45  Barracks  
  16  0:53  SCV  
  17  1:05  SCV  
  18  1:17  SCV  
  19  1:32  Orbital Command  
  19  1:33  Reaper  
  20  1:47  Command Center  
  20  1:57  Factory  
  20  2:08  Barracks  
  20  2:21  Marine  
  21  2:29  Supply Depot  
  22  2:30  Refinery, SCV  
  22  2:39  Marine  
  23  2:50  Hellion  
  25  2:58  Barracks Tech Lab, Supply Depot  
  25  3:07  Orbital Command  
  25  3:11  Barracks Reactor  
  25  3:12  Hellion  
  27  3:30  Supply Depot  
  27  3:34  Factory Tech Lab  
  27  3:42  Engineering Bay  
  27  3:49  Marine x3  
  27  3:51  Starport, SCV  
  31  3:58  Stimpack  
  31  4:01  Siege Tank  
  34  4:09  SCV x2  
  36  4:14  Marine, Marauder  
  39  4:20  Missile Turret  
  39  4:27  Starport Reactor  
  39  4:32  Missile Turret  
  39  4:33  Terran Infantry Weapons Level 1  
  39  4:35  Marine  
  39  4:36  Marine  
  41  4:46  Siege Tank  
  41  4:47  SCV  
  41  4:51  Marauder  
  47  4:57  Supply Depot  
  47  5:01  Engineering Bay  
  47  5:02  SCV  
  48  5:07  Medivac  
  50  5:33  SCV  
  50  5:34  SCV  
  52  5:37  Refinery  
  52  5:38  Refinery  
  52  5:39  Marine x2, Marauder  
  56  5:58  Terran Infantry Armor Level 1  
  56  5:59  Supply Depot  
  56  6:00  SCV  
  56  6:01  Marauder  
  59  6:06  Barracks  
  59  6:07  Barracks  
  55  6:29  Marine, Marauder  
  58  6:38  SCV  
  59  6:42  Marine  
  60  6:52  Marauder, Command Center  
  62  6:55  SCV  
  63  7:02  SCV  
  63  7:03  Marine  
  63  7:08  SCV  
  66  7:14  Marauder  
  65  7:21  Marine  
  66  7:35  Marauder  
  58  8:24  Orbital Command  
  58  8:26  SCV  
  59  8:36  Barracks Tech Lab  
  59  8:40  Medivac x2  
  63  8:43  Barracks Tech Lab  
  63  8:46  Marauder, Marine, Armory  
  63  8:47  Marine  
  67  8:49  SCV  
  67  8:50  SCV x2  
  70  9:04  Marine  
  70  9:05  Marine  
  70  9:07  Marauder x2  
  70  9:08  Marauder  
  78  9:10  Medivac  
  80  9:22  Marine  
  80  9:23  Marine  
  82  9:28  Marauder x2  
  82  9:29  Marauder  
  83  9:36  SCV  
  83  9:40  Marine x2  
  83  9:41  Siege Tank  
  88  9:49  Marauder  
  88  9:50  Marauder  
  92  9:56  SCV  
  92  9:57  Supply Depot  
  92  9:58  Supply Depot  
  93  10:06  Terran Infantry Weapons Level 2  
  93  10:07  Terran Infantry Armor Level 2  
  93  10:09  Combat Shield  
  93  10:19  Marine x2, Marauder x3  
  93  10:20  Medivac x2, SCV x3  
  108  10:23  Supply Depot  
  108  10:25  Supply Depot  
  108  10:32  SCV  
  109  10:45  Marauder x2, Siege Tank, SCV  
  109  10:47  Marauder, SCV x2  
  121  10:50  Marine x2  
  120  11:06  Marauder  
  120  11:08  Marine x2  
  124  11:25  Marine  
  124  11:28  Concussive Shells  
  125  11:47  Supply Depot  
  125  11:49  Supply Depot  
  125  11:50  Supply Depot  
  125  11:52  Supply Depot  
  125  12:09  Marauder x3, SCV x2  
  125  12:10  Marine x2, Supply Depot  
  125  12:11  Siege Tank, SCV  
  125  12:12  Supply Depot, Barracks  
  139  12:16  Barracks x2  
  139  12:20  Barracks  
  139  12:21  SCV  
  140  12:23  SCV  
  140  12:28  Marine x2  
  143  12:31  Marauder x3  
  143  12:32  Medivac x2  
  153  12:43  Siege Tank  
  156  12:46  Marine x2  
  158  12:52  Marine, Marauder x2  
  163  13:04  Marine x2  
  165  13:10  Marauder  
  167  13:13  Marine, Marauder  
  165  13:22  Marine x2  
  146  13:31  Marine, Marauder  
  134  13:34  Marine  
  124  13:49  Marauder  
  124  13:53  Marauder x2  
Tags
 
Add a new tag
Caveats
  • Supply blocks, unpowered buildings, or Contaminate may cause inaccurate times.
  • Supply counts are checked every 10 seconds.